 Dungeon Crawl Stone Soup version 0.31-a0-232-gb1c03b2570 (webtiles) character file.

Game seed: 4685486726078863637

177 qw the Shooter (level 5, -2/31 HPs)
             Began as a Gargoyle Hexslinger on July 7, 2023.
             Slain by a phantom (6 damage)
             ... on level 5 of the Dungeon.
             The game lasted 00:01:09 (2852 turns).

qw the Shooter (Gargoyle Hexslinger)                Turns: 2852, Time: 00:01:10

Health: -2/31      AC:  8    Str: 12    XL:     5   Next: 57%
Magic:  6/6        EV: 12    Int: 13    God:
Gold:   201        SH:  0    Dex: 14    Spells: 5/6 levels left

rFire   . . .        Y - +1 sling
rCold   . . .        (no shield)
rNeg    + + .        f - +2 robe {rN+}
rPois   inf          (no helmet)
rElec   +            (no cloak)
rCorr   .            (no gloves)
SInv    +            (no boots)
Will    .....        j - amulet of regeneration
Stlth   +            i - ring of see invisible
HPRegen 1.05/turn    (no ring)
MPRegen 0.10/turn

%: no passive effects
@: no status effects
A: sickness immunity, AC +4, negative energy resistance 1, electricity
resistance, torment resistance 1, petrification resistance
a: no special abilities


You were on level 5 of the Dungeon.
You visited 2 branches of the dungeon, and saw 6 of its levels.
You also visited: Sewer.

You collected 201 gold pieces.


Innate Abilities, Weirdness & Mutations

You are immune to sickness and miasma.
Your stone body is resilient. (AC +4)
You are immune to poison.
You resist negative energy. (rN+)
You are resistant to electric shocks. (rElec)
You are resistant to unholy torment.
You are immune to petrification.


   Skills:
 + Level 2.3 Fighting
 - Level 5.2 Ranged Weapons
 - Level 1.5 Dodging
 - Level 1.0 Spellcasting
 - Level 2.6 Hexes


You had 5 spell levels left.
You knew the following spells:

 Your Spells              Type           Power      Damage    Failure   Level
a - Slow                  Hex            28%        N/A       10%         1

Your spell library contained the following spells:

 Spells                   Type           Power      Damage    Failure   Level
 Inner Flame              Hex/Fire       4%         N/A       43%         3
 Portal Projectile        Hex/Tloc       8%         N/A       43%         3
 Cause Fear               Hex            3%         N/A       67%         4

Inventory:

Hand Weapons
 Y - a +1 sling (weapon)
Armour
 f - a +2 robe of positive energy (worn)
Jewellery
 i - a ring of see invisible (left hand)
 j - an amulet of regeneration (around neck)
Scrolls
 b - a scroll of identify
Potions
 a - a potion of enlightenment
 h - 3 potions of curing

Dungeon Overview and Level Annotations

Branches:
Dungeon (5/15)             Temple (1/1) D:4           Sewer (visited)

Altars:
Elyvilon
Gozag
Sif Muna
Trog
Uskayaw
Vehumet
Wu Jian
Xom
Yredelemnul
The Shining One


Message History

You shoot a sling bullet.
The sling bullet closely misses the iguana.
The iguana barely misses you. The phantom hits you.
You shoot a sling bullet.
The sling bullet closely misses the iguana.
The iguana misses you.
The phantom hits you but does no damage.
You shoot a sling bullet. The sling bullet hits the iguana.
The iguana is moderately wounded.
The iguana misses you. The phantom hits you.
You shoot a sling bullet.
The sling bullet hits the iguana but does no damage.
The iguana is moderately wounded.
The iguana bites you! The phantom closely misses you.
You shoot a sling bullet. The sling bullet hits the iguana.
The iguana is severely wounded.
The iguana bites you. The phantom hits you.
The phantom blinks!
You blink.
Found 6 stones.
Found a stone staircase leading down.
The phantom closely misses you.
You shoot a sling bullet. The sling bullet hits the phantom.
The phantom is lightly damaged.
The phantom hits you but does no damage.
You shoot a sling bullet.
The sling bullet closely misses the phantom.
The phantom hits you.
You shoot a sling bullet. The sling bullet hits the phantom.
The phantom is moderately damaged.
The phantom hits you but does no damage.
You shoot a sling bullet.
The sling bullet closely misses the phantom.
The phantom closely misses you.
You shoot a sling bullet.
The sling bullet closely misses the phantom.
The phantom hits you.
The phantom blinks!
You blink.
Enter note: You shoot a sling bullet.
The sling bullet barely misses the phantom.
The iguana hisses menacingly.
The phantom hits you.
You die...

.#.## .... ...# # .#...# #..#
##.#.. ....###..##
#....#+#.........
#.....W.?..# #..#
#......@...# #..#
#..........# #..#
##.##..#.#.#...###..########
.....>..ยค......$............
#..................#######.
#.##..#.#.#....##.## #.
..............##.########.
#.##..#.#.................. #
#.# .###....###########.


You could see a phantom.

Vanquished Creatures
  2 hounds
  3 adders
  2 ufetubi (D:5)
  2 worms (D:3)
  3 dart slugs
  An orc (D:3)
  8 endoplasms
  4 giant cockroaches
  5 hobgoblins
  3 jackals (D:1)
  3 kobolds
  3 quokkas
  11 ball pythons
  5 bats
  3 frilled lizards
  6 goblins
  7 rats
71 creatures vanquished.

Vanquished Creatures (others)
  An orc (D:5)
1 creature vanquished.

Grand Total: 72 creatures vanquished

Notes
Turn   | Place    | Note
-------+----------+-------------------------------------------
     0 | D:1      | qw the Gargoyle Hexslinger began the quest for the Orb.
     0 | D:1      | Reached XP level 1. HP: 12/12 MP: 2/2
     0 | D:1      | 0 ||| qw: Version: 0.3-a-46-gb1f654a
     0 | D:1      | 0 ||| qw: Game counter: 2218
     0 | D:1      | 0 ||| qw: Melee chars always use a shield: true
     0 | D:1      | 0 ||| qw: God list: Okawaru
     0 | D:1      | 0 ||| qw: Allow faded altars: false
     0 | D:1      | 0 ||| qw: Do Orc after clearing Dungeon:15 true
     0 | D:1      | 0 ||| qw: Do second Lair branch before Depths: true
     0 | D:1      | 0 ||| qw: Lair rune preference: random
     0 | D:1      | 0 ||| qw: Goals: Normal
     0 | D:1      | 0 ||| PLANNING D:1-11
    52 | D:1      | Reached XP level 2. HP: 7/16 MP: 3/3
   492 | D:1      | Reached skill level 3 in Ranged Weapons
   921 | D:1      | 921 ||| UPGRADING to +0 ring mail.
   931 | D:1      | 931 ||| DROPPING +0 robe.
   932 | D:1      | 932 ||| UPGRADING to +2 robe of positive energy.
   942 | D:1      | 942 ||| DROPPING +0 ring mail.
   943 | D:1      | 943 ||| UPGRADING to ring of see invisible.
   944 | D:1      | 944 ||| READING scroll labelled UPUAKK DEEZ.
   945 | D:1      | 945 ||| DROPPING scroll of poison.
  1022 | D:2      | Reached XP level 3. HP: 21/21 MP: 4/4
  1279 | D:2      | 1279 ||| UPGRADING to amulet of regeneration.
  1284 | D:2      | 1284 ||| READING scroll labelled PUEPSI BUDUWE.
  1285 | D:2      | 1285 ||| READING scroll labelled ADAMMO JUMEACHA.
  1286 | D:2      | 1286 ||| READING 2 scrolls labelled SUGEDGHU TIOLYL.
  1291 | D:2      | 1291 ||| READING scroll labelled BOXOIJ LEETZEG.
  1292 | D:2      | 1292 ||| DRINKING 2 golden potions.
  1313 | D:3      | 1313 ||| PLANNING SEWER
  1409 | D:3      | Identified the +2 dagger of Action {elec, Drain Will+ rCorr
                  | Str+4}
  1433 | D:3      | Reached skill level 4 in Ranged Weapons
  1433 | D:3      | Reached XP level 4. HP: 26/26 MP: 5/5
  1602 | D:3      | 1602 ||| Stepping ~*~*~tactically~*~*~ (water).
  1663 | D:3      | Found a glowing drain.
  1664 | D:3      | 1664 ||| DRINKING 2 metallic clear potions.
  1665 | D:3      | 1665 ||| DRINKING 2 fuming amethyst potions.
  1666 | D:3      | 1666 ||| DROPPING potion of attraction.
  1672 | Sewer    | Entered a sewer
  1699 | D:3      | 1699 ||| PLANNING D:1-11
  1760 | D:3      | Reached XP level 5. HP: 30/30 MP: 6/6
  2254 | D:4      | Reached skill level 5 in Ranged Weapons
  2322 | D:4      | Found a hide-covered altar of Uskayaw.
  2365 | D:4      | Found a staircase to the Ecumenical Temple.
  2366 | D:4      | 2366 ||| PLANNING TEMPLE
  2366 | D:4      | 2366 ||| READING scroll labelled DAROCI OL XUMM.
  2367 | D:4      | 2367 ||| READING scroll labelled ISUTIT XAUST.
  2368 | D:4      | 2368 ||| READING scroll labelled WOEHOCROQ ETEE.
  2377 | Temple   | Entered the Ecumenical Temple
  2378 | Temple   | 2378 ||| PLANNING D:1-11
  2529 | D:4      | Found a radiant altar of Vehumet.
  2684 | D:4      | 2684 ||| READING 2 scrolls of identify.
  2684 | D:4      | 2684 ||| IDENTIFYING lumpy ruby potion
  2685 | D:4      | 2685 ||| DROPPING potion of ambrosia.
  2713 | D:5      | Entered Level 5 of the Dungeon
  2726 | D:5      | Noticed a centaur
  2730 | D:5      | HP: 5/30 [centaur/arrow (4)]
  2731 | D:5      | 2731 ||| READING scroll of teleportation.
  2833 | D:5      | Noticed a phantom
  2845 | D:5      | HP: 7/31 [iguana (10)]
  2846 | D:5      | HP: 3/31 [phantom (2)]
  2851 | D:5      | HP: 3/31 [phantom (3)]
  2852 | D:5      | Slain by a phantom

Levels and vault maps discovered:
D:1:      dpeg_arrival_rooms_b, layout_basic
D:2:      layout_basic
D:3:      layout_basic, gup_sewer_entry_bubbles
D:4:      layout_rooms, mainiacjoe_overflow_tiny_flanked,
          nicolae_uskayaw_murder_on_the_dancefloor,
          minmay_temple_entry_large_hall, chequers_jeans
D:5:      lemuel_ice_spiral_2, layout_basic, nicolae_hepliaklqana_hippocampus,
          lemuel_flamethrower_2
Temple:   hellmonk_temple_micro_hex

Skill      XL: |  1  2  3  4  5 |
---------------+----------------+-----
Ranged Weapons | 3 4 5 |  5.2
Fighting       | 2 |  2.3
Dodging        | |  1.5
Spellcasting   | |  1.0
Hexes          | |  2.6

Action                     |  1- 3 |  4- 6 || total
---------------------------+-------+-------++-------
   Fire: Sling             |   119 |   164 ||   283
    Use: Scroll            |     5 |     5 ||    10
         Potion            |     1 |     2 ||     3
 Armour: Robe              |    27 |    31 ||    58
  Dodge: Dodged            |    41 |    86 ||   127

Table legend:
 A = Non-vault XP
 B = Vault XP
 C = Vault XP percentage of total XP
 D = Non-vault monster count
 E = Vault monster count
 F = Vault count percentage of total count
                 A         B        C        D         E       F
            +---------+---------+-------+---------+---------+-------
      Total |     233 |      21 |   8.3 |      63 |       8 |  11.3
            +---------+---------+-------+---------+---------+-------
        D:1 |      28 |       0 |   0.0 |      20 |       0 |   0.0
        D:2 |      38 |       0 |   0.0 |      14 |       0 |   0.0
        D:3 |     100 |      21 |  17.4 |      21 |       8 |  27.6
        D:4 |      51 |       0 |   0.0 |       6 |       0 |   0.0
        D:5 |      16 |       0 |   0.0 |       2 |       0 |   0.0
            +---------+---------+-------+---------+---------+-------
